 Dungeon Crawl Stone Soup version 0.28.0-45-g0d030f2227 (webtiles) character file.

Game seed: 7327499285353206220

4 cbfl8 the Sneak (level 1, -1/20 HPs)
             Began as a Minotaur Delver on Apr 16, 2022.
             Slain by an orc warrior
             ... wielding a +0 mace
              (7 damage)
             ... on level 6 of the Dungeon.
             The game lasted 00:00:51 (74 turns).

cbfl8 the Sneak (Minotaur Delver)                     Turns: 74, Time: 00:00:52

Health: -1/20      AC:  8    Str: 16    XL:     1   Next: 50%
Magic:  0/0        EV:  7    Int:  7    God:
Gold:   0          SH:  0    Dex: 11    Spells: 0/0 levels left

rFire   . . .      SeeInvis .   a - +0 hand axe
rCold   . . .      Faith    .   (no shield)
rNeg    . . .      Spirit   .   h - +0 chain mail
rPois   .          Reflect  .   (helmet restricted)
rElec   .          Harm     .   (no cloak)
rCorr   .          Rampage  .   (no gloves)
Will    .....                   (no boots)
Stlth   ..........              (no amulet)
HPRegen 0.06/turn               (no ring)
MPRegen 0.07/turn               (no ring)

@: no status effects
A: horns 2, retaliatory headbutt
a: no special abilities


You were on level 6 of the Dungeon.
You visited 1 branch of the dungeon, and saw 2 of its levels.

Inventory:

Hand Weapons
 a - a +0 hand axe (weapon)
Armour
 b - a +0 leather armour
 h - a +0 chain mail (worn)
Wands
 g - a wand of digging (3)
Scrolls
 c - a scroll of fog
 d - a scroll of magic mapping
 e - a scroll of fear
Potions
 f - a potion of haste


   Skills:
 + Level 3.6 Fighting
 + Level 2.4 Axes
 + Level 2.2 Dodging
 + Level 4.2 Stealth


You couldn't memorise any spells.
You didn't know any spells.
Your spell library was empty.

Dungeon Overview and Level Annotations

Branches:
Dungeon (6/15)
 Temple: D:4-7

Altars:
Wu Jian


Innate Abilities, Weirdness & Mutations

You have a pair of horns on your head.
You reflexively headbutt those who attack you in melee.


Message History

You see here a +0 chain mail.
h - a +0 chain mail You start removing your armour.
You continue taking off your +0 leather armour. x4
You finish taking off your +0 leather armour.
You start putting on your armour.
You continue putting on your +0 chain mail. x5
You finish putting on your +0 chain mail.
There is a stone staircase leading down here.
You climb downwards.
There is a stone staircase leading up here.
Found a scroll labelled NAOZOU GUSUOT.
An orc comes into view. It is wielding a +0 mace.
An orc comes into view. It is wielding a +0 mace.
Found a scroll labelled WATSIR CODOPN.
The orc shouts!
You closely miss the orc. Your headbutt misses the orc.
The orc hits you but does no damage. x2
You hit the orc. You headbutt the orc.
You kill the orc!
You hit the orc.
The orc is severely wounded.
The orc hits you with a +0 mace.
You hit the orc. Your headbutt misses the orc.
The orc is almost dead.
The orc hits you but does no damage.
You slash the orc!
You kill the orc!
You start resting.
An orc warrior comes into view. It is wielding a +0 mace.
The orc warrior shouts!
A hound comes into view.
The orc warrior hits you with a +0 mace!
You barely miss the orc warrior. Your headbutt misses the orc warrior.
The orc warrior hits you with a +0 mace.
* * * LOW HITPOINT WARNING * * *
You closely miss the orc warrior. The orc warrior completely misses you.
You hit the orc warrior but do no damage.
The orc warrior hits you with a +0 mace!
You die...

#... ##.....
#..o ......#
?... .......
##..
##.......
....#?.......
..#....≈...
#....≈≈...
#####o.......
#..@#.......≈
#..o#......≈≈
##.h.......≈#
#.<.≈.....≈#
##..8≈....≈#
#..≈.....≈#
##.......≈≈
#........≈
#.........


You could see an orc warrior and a hound.

Vanquished Creatures
  2 orcs (D:6)
2 creatures vanquished.

Notes
Turn   | Place    | Note
-------+----------+-------------------------------------------
     0 | D:5      | cbfl8 the Minotaur Delver began the quest for the Orb.
     0 | D:5      | Reached XP level 1. HP: 19/19 MP: 0/0
     2 | D:5      | Found an ornate altar of the Wu Jian Council.
    34 | D:5      | Noticed an ice beast
    66 | D:6      | Noticed an orc warrior
    71 | D:6      | Noticed a hound
    74 | D:6      | Slain by an orc warrior

Illustrated notes

Levels and vault maps discovered:
D:5:      layout_rooms, mainiacjoe_overflow_concentric_impassable,
          nicolae_overflow_hidden_temple, minmay_temple_entry_mini_moons
D:6:      minmay_clustersquares, layout_cave_pools, fedhas_altar_1,
          kennysheep_decorative_pillar, guppyfry_early_elven_hall

Action                   || total
-------------------------++-------
Melee: Hand axe          ||     8
       Headbutt          ||     1
Armor: Chain mail        ||     3
Dodge: Dodged            ||     1
